 Dungeon Crawl Stone Soup version 0.19-a0-1365-gb34f4cb (webtiles) character file.

40211 Ruebezahl the Blocker (level 14, -1/88 HPs)
             Began as a Gargoyle Chaos Knight on Sept 1, 2016.
             Slain by a spark wasp (15 damage)
             ... on level 3 of the Spider Nest on Sept 2, 2016.
             The game lasted 01:20:36 (11774 turns).

Ruebezahl the Blocker (Gargoyle Chaos Knight)      Turns: 11774, Time: 01:20:37

Health: -1/88      AC: 40    Str: 31    XL:     14   Next: 10%
Magic:  14/14      EV: 12    Int: 13    God:    Xom [.*....]
Gold:   3390       SH: 19    Dex: 12    Spells: 0 memorised, 13 levels left

rFire  + . .     SeeInvis +     z - +6 hand axe (flame)
rCold  . . .     Gourm    +     V - +5 chain mail
rNeg   + . .     Faith    .     D - +5 shield of Fauketae {rF+ Str+4 Slay+2 SInv}
rPois  ∞         Spirit   .     U - +2 helmet
rElec  +         Dismiss  .     y - +0 cloak
rCorr  .         Reflect  .     (no gloves)
MR     +....     Harm     .     K - +1 pair of boots
Stlth  ..........               E - amulet of the gourmand
                                r - +3 ring of strength
                                A - ring "Sor Reof" {AC+5 Str+2 SInv}

@: mighty, exhausted, slowed, very slow
A: big wings, rough black scales 1, blurry vision 1, negative energy resistance
1, electricity resistance, unbreathing, petrification resistance, rot immunity,
AC +9
a: Fly, Renounce Religion


You were on level 3 of the Spider Nest.
You worshipped Xom.
You were a plaything of Xom.
You were not hungry.

You visited 3 branches of the dungeon, and saw 13 of its levels.
You also visited: Sewer.

You collected 3390 gold pieces.

Inventory:

Hand Weapons
 t - a +3 quarterstaff of chaos
 z - a +6 hand axe of flaming (weapon)
 H - a +3 hand axe of venom
Armour
 y - a +0 cloak (worn)
 D - the +5 shield of Fauketae (worn) {rF+ Str+4 Slay+2 SInv}
   (You found it on level 5 of the Dungeon)

   It affects your strength (+4).
   It affects your accuracy and damage with ranged weapons and melee attacks
   (+2).
   It protects you from fire.
   It lets you see invisible.
 K - a +1 pair of boots (worn)
 U - a +2 helmet (worn)
 V - a +5 chain mail (worn)
Jewellery
 h - an uncursed ring of protection from magic
 p - an uncursed ring of wizardry {unknown}
 r - a +3 ring of strength (right hand)
 u - an uncursed ring of wizardry {unknown}
 A - the ring "Sor Reof" (left hand) {AC+5 Str+2 SInv}
   (You found it on level 1 of the Spider Nest)

   [ring of protection]

   It affects your AC (+5).
   It affects your strength (+2).
   It lets you see invisible.
 E - an amulet of the gourmand (around neck)
 J - an uncursed ring of positive energy
 N - a +3 ring of slaying {unknown}
 Z - an uncursed ring of ice
Wands
 a - a wand of acid (7/15)
 e - a wand of disintegration (14/24)
 L - a wand of iceblast (8/15)
 O - a wand of enslavement (17/24)
 P - a wand of disintegration (12/24)
 S - a wand of enslavement (19/24)
 T - a wand of lightning (2/15)
 W - a wand of paralysis (8/24)
 X - a wand of acid (8/15)
Scrolls
 b - 4 scrolls of fear
 d - a scroll of fog
 j - a scroll of magic mapping
 k - 2 scrolls of blinking
 m - a scroll of identify
 o - 2 scrolls of immolation
 x - 2 scrolls of teleportation
 M - a scroll of amnesia {unknown}
 R - 4 scrolls of remove curse
 Y - a scroll of silence {unknown}
Potions
 f - 2 potions of cancellation
 l - 4 potions of curing
 q - a potion of ambrosia {unknown}
 v - 2 potions of brilliance
 w - a potion of berserk rage
 B - 6 potions of flight
 C - a potion of lignification {unknown}
Books
 s - a Grand Grimoire

   Spells                             Type                      Level
   a - Monstrous Menagerie            Summoning                    7
   b - Summon Greater Demon           Summoning                    7
   c - Malign Gateway                 Summoning/Translocation      7
   d - Summon Horrible Things         Summoning                    8
 F - a book of Unlife

   Spells                             Type                      Level
   a - Recall                         Summoning/Translocation      3
   b - Animate Dead                   Necromancy                   4
   c - Control Undead                 Necromancy                   4
   d - Cigotuvi's Embrace             Necromancy                   5
   e - Death Channel                  Necromancy                   6
   f - Simulacrum                     Ice/Necromancy               6
 I - a book of the Sky

   Spells                             Type                      Level
   a - Summon Lightning Spire         Summoning/Air                4
   b - Airstrike                      Air                          4
   c - Silence                        Hexes/Air                    5
   d - Deflect Missiles               Charms/Air                   6
   e - Conjure Ball Lightning         Conjuration/Air              6
   f - Tornado                        Air                          9
 Q - a book of Maledictions

   Spells                             Type                      Level
   a - Corona                         Hexes                        1
   b - Ensorcelled Hibernation        Hexes/Ice                    2
   c - Confuse                        Hexes                        3
   d - Tukima's Dance                 Hexes                        3
   e - Dazzling Spray                 Conjuration/Hexes            3
Miscellaneous
 n - a lamp of fire
Comestibles
 c - 9 bread rations
 g - 10 meat rations


   Skills:
 + Level 10.3 Fighting
 + Level 11.2 Axes
 - Level 0.2 Staves
 + Level 10.6 Armour
 + Level 7.1 Dodging
 + Level 7.0 Stealth
 + Level 13.7 Shields
 + Level 0.3 Evocations


You had 13 spell levels left.
You didn't know any spells.

Dungeon Overview and Level Annotations

Branches:
Dungeon (8/15)             Temple (0/1) D:6            Lair (2/6) D:8
  Swamp (0/4) Lair:2       Spider (3/4) Lair:2

Altars:
Gozag
Ru
Sif Muna
Xom
Zin


Innate Abilities, Weirdness & Mutations

You are resistant to torment.
Your stone body is resilient. (AC +9)
You are immune to poison.
Your large and strong wings let you fly indefinitely.
You resist negative energy. (rN+)
You are resistant to electric shocks. (rElec)
You can survive without breathing.
You are immune to petrification.
You are immune to rotting.
You are partially covered in rough black scales. (AC +2, Dex -1)
Scrolls take you a little longer to read.


Message History

You feel a strong urge to attack something.
You are no longer berserk.
You are exhausted.
You feel yourself slow down. You block the spark wasp's attack.
The orb spider weaves a glowing orb of energy.
You block the orb of destruction.
A redback comes into view.
Things that are here:
a wolf spider corpse; a wasp corpse You block the spark wasp's attack.
The spark wasp misses you.
Things that are here:
a wolf spider corpse; a tarantella corpse Really read with blurry vision while enemies are nearby?
Uppercase [Y]es or [N]o only, please.
Really read with blurry vision while enemies are nearby?
You block the spark wasp's attack.
You begin reading the scroll.
You continue reading the scroll.
The spark wasp closely misses you. The spark wasp stings you!
You die...
Xom howls with laughter!

#. ∆ #.. #.#
#.## #..#
#...######...
#...#yss.....
##.#.@#s.s###.
#...†.#####.###
#...#.†#####..<#
#.%.
###...#..†## #..
#......#^## ##
###...##..##
#..####...####
###.#####....##
##.....†....#


You could see a spark wasp and 2 orb spiders.

Vanquished Creatures
  A ghost moth (Spider:3)
  An emperor scorpion (Spider:3)
  Azrael (Spider:1)
  A spark wasp (Spider:2)
  Fannar (Lair:1)
  A queen ant (Spider:2)
  10 orb spiders
  14 wolf spiders
  2 hornets (Spider:2)
  A griffon (Spider:2)
  A shining eye (Spider:1)
  A salamander (shapeshifter) (Lair:2)
  2 moths of wrath
  A black mamba (Lair:2)
  A torpor snail (Spider:2)
  3 spiny frogs
  2 demonic crawlers
  2 komodo dragons
  15 jumping spiders
  Prince Ribbit (D:7)
  33 redbacks
  11 tarantellas
  12 yaks
  3 fire elementals (Spider:1)
  A steam dragon (D:8)
  4 hippogriffs
  Menkaure (D:7)
  4 swamp worms (Lair:2)
  18 soldier ants (Spider:2)
  A hell hound (Spider:1)
  4 water moccasins
  2 ice beasts
  An orc warrior (D:6)
  3 porcupines
  2 sky beasts
  2 black bears
  A wasp (Spider:3)
  3 ogres
  A centaur (D:8)
  2 crocodiles
  6 giant frogs
  A gnoll sergeant (D:7)
  A scorpion (D:7)
  2 howler monkeys
  A centaur zombie (D:8)
  2 crimson imps
  A giant frog zombie (D:8)
  2 jellies
  Crazy Yiuf (D:4)
  4 orc wizards
  3 iguanas
  4 giant frog skeletons
  17 worker ants
  A killer bee zombie (D:8)
  A worker ant zombie (D:7)
  12 gnolls
  15 adders
  16 river rats (Lair:1)
  A shadow imp (D:7)
  12 oozes
  An adder skeleton (D:4)
  2 worms
  16 giant geckos
  35 orcs
  12 giant cockroaches
  3 goblins
  7 hobgoblins
  15 jackals
  4 quokkas
  8 ball pythons
  9 bats
  A giant gecko skeleton (D:4)
  22 giant newts
  12 kobolds
  7 rats
428 creatures vanquished.

Vanquished Creatures (collateral kills)
  2 wolf spiders
  2 redbacks
  An electric eel (Lair:2)
  A centaur zombie (D:7)
  4 gnolls (D:7)
  A giant newt (D:7)
11 creatures vanquished.

Vanquished Creatures (others)
  An orb spider (Spider:1)
  A redback (Spider:3)
  3 yaks (Lair:2)
  A steam dragon (Lair:2)
  A scorpion (D:6)
  A dart slug (D:3)
  A jackal (D:3)
  A fungus (Lair:1)
  A plant (Lair:1)
11 creatures vanquished.

Grand Total: 450 creatures vanquished

Notes
Turn   | Place    | Note
-------+----------+-------------------------------------------
     0 | D:1      | Ruebezahl the Gargoyle Chaos Knight began the quest for the Orb.
     0 | D:1      | Reached XP level 1. HP: 14/14 MP: 1/1
    68 | D:1      | XOM: divination: detect creatures
   119 | D:1      | Reached XP level 2. HP: 17/19 MP: 2/2
   244 | D:1      | Reached skill level 1 in Dodging
   264 | D:1      | XOM: silly message
   437 | D:1      | XOM: harmless Necr miscast
   567 | D:2      | XOM: noise
   575 | D:2      | Reached XP level 3. HP: 19/24 MP: 3/3
   612 | D:2      | Found a sacrificial altar of Ru.
   612 | D:2      | Found a glowing silver altar of Zin.
   787 | D:2      | XOM: smoke on damage
   986 | D:2      | Found a deep blue altar of Sif Muna.
   987 | D:2      | XOM: polymorph worm -> jelly
   993 | D:2      | Reached XP level 4. HP: 23/29 MP: 4/4
  1104 | D:2      | XOM: give mutations
  1104 | D:2      | Gained mutation: You are weak. (Str -2) [Xom's mischief]
  1104 | D:2      | Gained mutation: You are somewhat resistant to further mutation. [Xom's mischief]
  1104 | D:2      | Gained mutation: Scrolls take you a little longer to read. [Xom's mischief]
  1106 | D:2      | Lost mutation: Scrolls take you a little longer to read. [potion of cure mutation]
  1106 | D:2      | Lost mutation: You are weak. (Str -2) [potion of cure mutation]
  1106 | D:2      | Lost mutation: You are somewhat resistant to further mutation. [potion of cure mutation]
  1440 | D:3      | Reached XP level 5. HP: 33/33 MP: 5/5
  1530 | D:3      | XOM: summons 2 hostile demons
  1955 | D:3      | XOM: harmless Tmut miscast
  2112 | D:4      | Reached skill level 1 in Stealth
  2112 | D:4      | Reached XP level 6. HP: 37/38 MP: 6/6
  2143 | D:4      | Found an opulent altar of Gozag.
  2152 | D:4      | XOM: noise
  2171 | D:4      | Noticed a water moccasin
  2177 | D:4      | XOM: confusion
  2179 | D:4      | XOM: medium Conj miscast
  2188 | D:4      | Killed a water moccasin
  2266 | D:4      | Reached XP level 7. HP: 35/44 MP: 7/7
  2451 | D:4      | XOM: harmless Chrm miscast
  2458 | D:4      | XOM: 9-stop teleportation journey
  2758 | D:4      | Found a glowing drain.
  2769 | Sewer    | Entered a sewer
  2944 | Sewer    | XOM: mild Chrm miscast
  2997 | Sewer    | XOM: potion effect (heal wounds)
  3096 | Sewer    | XOM: confusion
  3256 | D:4      | Found a runed door.
  3434 | D:4      | Noticed Crazy Yiuf
  3439 | D:4      | Killed Crazy Yiuf
  3616 | D:4      | Reached skill level 5 in Fighting
  3616 | D:4      | Reached skill level 5 in Armour
  3616 | D:4      | Reached XP level 8. HP: 30/49 MP: 8/8
  3671 | D:5      | Entered Level 5 of the Dungeon
  3765 | D:5      | XOM: harmless Conj miscast
  3864 | D:5      | XOM: god gift: meat ration
  3886 | D:5      | Found a glowing silver altar of Zin.
  3918 | D:5      | Got an ichor-stained shield
  3924 | D:5      | Identified the +5 shield of Fauketae {rF+ Str+4 Slay+2 SInv} (You found it on level 5 of the Dungeon)
  4083 | D:5      | Reached skill level 5 in Axes
  4098 | D:5      | Gained mutation: You possess an exceptional clarity of mind. [mutagenic meat]
  4109 | D:5      | Gained mutation: You have a pair of small horns on your head. [mutagenic meat]
  4126 | D:5      | XOM: scenery: 2 doors close
  4174 | D:5      | XOM: silly message
  4181 | D:5      | XOM: medium Pois miscast
  4253 | D:5      | XOM: silly message
  4602 | D:5      | XOM: noise
  4687 | D:6      | XOM: harmless Erth miscast
  4747 | D:6      | XOM: medium Conj miscast
  4807 | D:6      | Reached skill level 1 in Shields
  4837 | D:6      | Found a staircase to the Ecumenical Temple.
  4873 | D:6      | XOM: butterfly on damage
  4877 | D:6      | XOM: mild Tmut miscast
  4879 | D:6      | Reached skill level 2 in Shields
  4968 | D:6      | XOM: scenery: 1 doors close
  5285 | D:6      | XOM: mild Conj miscast
  5290 | D:6      | Reached skill level 3 in Shields
  5324 | D:7      | XOM: medium Divn miscast
  5390 | D:7      | Noticed Prince Ribbit
  5397 | D:7      | Reached XP level 9. HP: 53/54 MP: 9/9
  5416 | D:7      | Killed Prince Ribbit
  5416 | D:7      | Reached skill level 4 in Shields
  5424 | D:7      | XOM: summons friendly quasit
  5431 | D:7      | XOM: scenery: 1 doors close
  5449 | D:7      | XOM: summons 9 friendly demons
  5488 | D:7      | XOM: scenery: create altars
  5583 | D:7      | Reached skill level 5 in Shields
  5713 | D:7      | Noticed Menkaure
  5719 | D:7      | Killed Menkaure
  5965 | D:8      | Reached skill level 6 in Shields
  6050 | D:8      | XOM: divination: magic mapping
  6139 | D:8      | Reached XP level 10. HP: 58/61 MP: 10/10
  6157 | D:8      | XOM: scenery: create altars
  6242 | D:8      | XOM: mild Ice miscast
  6299 | D:8      | Found a staircase to the Lair.
  6315 | D:8      | XOM: harmless Air miscast
  6432 | Lair:1   | Entered Level 1 of the Lair of Beasts
  6443 | Lair:1   | Noticed a spiny frog
  6460 | Lair:1   | Killed a spiny frog
  6521 | Lair:1   | Reached skill level 7 in Shields
  6714 | Lair:1   | Noticed a spiny frog
  6722 | Lair:1   | Reached skill level 5 in Dodging
  6729 | Lair:1   | Killed a spiny frog
  6737 | Lair:1   | XOM: noise
  6750 | Lair:1   | Noticed Fannar
  6757 | Lair:1   | XOM: enchant monster (bad)
  6763 | Lair:1   | XOM: scenery: create altars
  6767 | Lair:1   | Killed Fannar
  6767 | Lair:1   | Reached skill level 8 in Shields
  7280 | Lair:1   | Gained mutation: Potions and wands are less effective at restoring your health. [potion of mutation]
  7280 | Lair:1   | Lost mutation: You have a pair of small horns on your head. [potion of mutation]
  7280 | Lair:1   | Gained mutation: You are partially covered in rough black scales. (AC +2, Dex -1) [potion of mutation]
  7338 | Lair:2   | XOM: give mutations
  7338 | Lair:2   | Lost mutation: Potions and wands are less effective at restoring your health. [Xom's mischief]
  7338 | Lair:2   | Lost mutation: You possess an exceptional clarity of mind. [Xom's mischief]
  7452 | Lair:2   | XOM: cleaving
  7454 | Lair:2   | Reached XP level 11. HP: 29/67 MP: 11/11
  7454 | Lair:2   | Reached skill level 9 in Shields
  7500 | Lair:2   | XOM: fog
  7501 | Lair:2   | XOM: divine lightning (protected)
  7542 | Lair:2   | XOM: scenery: create altars
  7667 | Lair:2   | XOM: scenery: create altars
  7757 | Lair:2   | XOM: potion effect (invisibility)
  7885 | Lair:2   | XOM: blink monster(s)
  7901 | Lair:2   | Found a staircase to the Swamp.
  7905 | Lair:2   | XOM: summons 8 friendly demons
  7994 | Lair:2   | Found a hole to the Spider Nest.
  7998 | Lair:2   | XOM: divination: detect creatures
  8014 | Lair:2   | XOM: polymorph spiny frog -> shapeshifter
  8016 | Lair:2   | XOM: summons friendly crimson imp
  8029 | Lair:2   | Noticed a salamander
  8029 | Lair:2   | a polar bear changed into a salamander
  8042 | Lair:2   | Killed a salamander
  8085 | Spider:1 | Entered Level 1 of the Spider Nest
  8129 | Spider:1 | Noticed an orb spider
  8145 | Spider:1 | Killed an orb spider
  8145 | Spider:1 | Reached skill level 10 in Shields
  8181 | Spider:1 | Noticed an orb spider
  8181 | Spider:1 | Noticed an orb spider
  8193 | Spider:1 | XOM: summons friendly iron imp
  8215 | Spider:1 | Killed an orb spider
  8228 | Spider:1 | Killed an orb spider
  8242 | Spider:1 | XOM: summons 2 friendly demons
  8354 | Spider:1 | XOM: silly message
  8359 | Spider:1 | XOM: smoke on damage
  8406 | Spider:1 | XOM: cast spell 'Call Canine Familiar'
  8724 | Spider:1 | Noticed an orb spider
  8733 | Spider:1 | Noticed Azrael
  8750 | Spider:1 | XOM: cast spell 'Summon Butterflies'
  8755 | Spider:1 | Killed Azrael
  8755 | Spider:1 | Reached XP level 12. HP: 39/75 MP: 12/12
  8758 | Spider:1 | XOM: enchant monster (good)
  8760 | Spider:1 | XOM: harmless Necr miscast
  8879 | Spider:1 | XOM: enchant monster (good)
  8881 | Spider:1 | Upgraded the game from 0.19-a0-1341-g3513869 to 0.19-a0-1365-gb34f4cb
  8940 | Spider:1 | Reached skill level 11 in Shields
  8950 | Spider:1 | XOM: mild Ice miscast
  8956 | Spider:1 | XOM: potion effect (curing)
  9013 | Spider:1 | XOM: harmless Summ miscast
  9165 | Spider:1 | Got a smoking pewter ring
  9171 | Spider:1 | XOM: cast spell 'Confusing Touch'
  9189 | Spider:1 | XOM: confuse monster(s)
  9211 | Spider:1 | Reached skill level 5 in Stealth
  9221 | Spider:1 | XOM: divination: magic mapping
  9256 | Spider:1 | XOM: harmless Fire miscast
  9417 | Spider:1 | XOM: summons friendly shadow imp
  9555 | Spider:1 | XOM: divination: magic mapping
  9582 | Spider:1 | XOM: god gift: 40 gold pieces
  9605 | Spider:1 | XOM: silly message
  9718 | Spider:1 | XOM: cleaving
  9722 | Spider:1 | XOM: polymorph wolf spider -> shining eye
  9723 | Spider:1 | Gained mutation: Scrolls take you a little longer to read. [a shining eye]
  9776 | Spider:2 | XOM: summons 3 friendly demons
  9779 | Spider:2 | XOM: cleaving
  9792 | Spider:2 | XOM: summons friendly quasit
  9802 | Spider:2 | XOM: confuse monster(s)
  9826 | Spider:2 | XOM: 8-stop teleportation journey
  9847 | Spider:2 | XOM: divination: magic mapping
  9863 | Spider:2 | Reached skill level 10 in Axes
  9863 | Spider:2 | Reached skill level 12 in Shields
  9863 | Spider:2 | XOM: summons 12 friendly demons
  9879 | Spider:2 | XOM: enchant monster (good)
  9888 | Spider:2 | Reached XP level 13. HP: 28/80 MP: 13/13
  9923 | Spider:2 | XOM: noise
  9937 | Spider:2 | XOM: divination: detect creatures
  9948 | Spider:2 | XOM: noise
  9965 | Spider:2 | XOM: harmless Hex miscast
  9986 | Spider:2 | Reached skill level 10 in Armour
 10054 | Spider:2 | XOM: confuse monster(s)
 10269 | Spider:2 | Identified the ring "Sor Reof" {AC+5 Str+2 SInv} (You found it on level 1 of the Spider Nest)
 10333 | Spider:2 | Noticed an entropy weaver
 10333 | Spider:2 | XOM: confuse monster(s)
 10344 | Spider:2 | XOM: harmless Hex miscast
 10355 | Spider:2 | XOM: divination: magic mapping
 10429 | Spider:2 | Noticed an entropy weaver
 10439 | Spider:2 | XOM: divination: detect creatures
 10442 | Spider:2 | an entropy weaver changed into a griffon
 10442 | Spider:2 | XOM: polymorph entropy weaver -> griffon
 10453 | Spider:2 | XOM: potion effect (invisibility)
 10456 | Spider:2 | XOM: enchant monster (good)
 10608 | Spider:2 | XOM: divination: detect creatures
 10734 | Spider:2 | XOM: cleaving
 10801 | Spider:2 | XOM: summons 2 friendly demons
 10867 | Spider:2 | Identified a scroll of acquirement
 10903 | Spider:2 | XOM: summons 2 friendly demons
 10926 | Spider:2 | XOM: summons friendly crimson imp
 10962 | Spider:2 | XOM: cloud trail
 11137 | Spider:3 | Noticed a ghost moth
 11152 | Spider:3 | Killed a ghost moth
 11152 | Spider:3 | Reached skill level 13 in Shields
 11154 | Spider:3 | Noticed a spark wasp
 11170 | Spider:2 | Killed a spark wasp
 11256 | Spider:3 | Reached skill level 10 in Fighting
 11264 | Spider:3 | Noticed an emperor scorpion
 11393 | Spider:3 | XOM: enchant monster (good)
 11429 | Spider:3 | Killed an emperor scorpion
 11640 | Spider:3 | XOM: potion effect (brilliance)
 11658 | Spider:3 | XOM: potion effect (agility)
 11732 | Spider:3 | XOM: summons 3 friendly demons
 11737 | Spider:3 | Gained mutation: Your large and strong wings let you fly indefinitely. [Gargoyle growth]
 11737 | Spider:3 | Reached XP level 14. HP: 35/88 MP: 14/14
 11752 | Spider:3 | Xom revived you
 11755 | Spider:3 | XOM: divination: detect items
 11774 | Spider:3 | Slain by a spark wasp

Vault maps used:
D:1:      dpeg_arrival_rooms_c, st_stairs_12
D:2:      nicolae_overflow_hidden_temple, gammafunk_temple_overflow_statue
D:3:      kennysheep_doodads, st_stairs_1
D:4:      grunt_gozag_statues, first_bread, portal_sewer_entry_d,
          hangedman_feature_mirror, kennysheep_opposing_triangles,
          uniq_crazy_yiuf_cottage
D:5:      basic_altar
D:7:      uniq_menkaure, uniq_prince_ribbit1
D:8:      lair_0_dummy
Lair:1:   uniq_fannar
Lair:2:   nicolae_swamp_entry_splash_gauntlet, spider_nest_entry_web_field,
          fungi_pond_lemuel
Spider:1: uniq_azrael
Spider:2: zaba_antful_of_joy, nicolae_spider_cling_halls
Spider:3: nicolae_spider_circle_web
Sewer:    sewer_frog_island_02

Skill      XL: |  1  2  3  4  5  6  7  8  9 10 11 12 13 |
---------------+----------------------------------------+-----
Axes           | 3 4 5 6 7 9 10 11 | 11.2
Dodging        | 1 2 3 4 5 6 7 |  7.1
Fighting       | 4 5 6 7 8 9 10 | 10.3
Armour         | 3 4 5 6 7 8 9 10 | 10.6
Stealth        | 1 2 3 4 5 7 |  7.0
Shields        | 3 6 8 10 12 13 | 13.7
Staves         | |  0.2
Evocations     | |  0.3

Action                   |  1- 3 |  4- 6 |  7- 9 | 10-12 | 13-15 || total
-------------------------+-------+-------+-------+-------+-------++-------
Melee: Hand axe          |   127 |   241 |   569 |   555 |   445 ||  1937
       Quarterstaff      |       |       |    18 |       |       ||    18
       Headbutt          |       |       |    57 |    36 |       ||    93
Evoke: Wand              |       |       |       |       |     2 ||     2
  Use: Potion            |       |     4 |       |     5 |     7 ||    16
       Scroll            |       |       |     5 |    17 |     8 ||    30
 Stab: Paralysed         |       |    10 |       |       |     4 ||    14
       Confused          |       |     1 |       |     3 |       ||     4
       Petrified         |       |       |     3 |     2 |     6 ||    11
       Invisible         |       |       |       |     6 |    15 ||    21
       Petrifying        |       |       |       |     2 |       ||     2
       Distracted        |       |       |       |     1 |     2 ||     3
       Fleeing           |       |       |       |       |     1 ||     1
  Eat: Royal jelly       |       |     1 |       |       |       ||     1
       Beef jerky        |       |     1 |       |     1 |       ||     2
       Meat ration       |       |     1 |     2 |       |       ||     3
       Pizza             |       |       |     1 |     1 |       ||     2
       Chunk             |       |       |     2 |     9 |     4 ||    15
       Bread ration      |       |       |       |       |     1 ||     1
Armor: Leather armour    |    29 |       |       |       |       ||    29
       Scale mail        |    20 |       |       |       |       ||    20
       Chain mail        |    51 |   238 |   335 |   266 |   259 ||  1149
Dodge: Dodged            |    71 |   139 |   242 |   142 |   171 ||   765
Block: Shield            |       |       |   201 |   490 |   492 ||  1183
